 Dungeon Crawl Stone Soup version 0.32-a0-834-geaf45d8e21 (webtiles) character file.

Game seed: 10423234066023069533

539 AstroCodex24 the Chopper (level 7, -9/54 HPs)
             Began as a Vampire Fighter on Mar 26, 2024.
             Killed from afar by a steam dragon (14 damage)
             ... with a ball of steam
             ... on level 6 of the Dungeon.
             The game lasted 00:04:47 (747 turns).

AstroCodex24 the Chopper (Vampire Fighter)           Turns: 747, Time: 00:04:48

Health: -9/54      AC:  6    Str: 17    XL:     7   Next: 5%
Magic:  7/7        EV: 14    Int: 11    God:
Gold:   45         SH:  4    Dex: 13    Spells: 6/6 levels left

rFire   . . .        a - +0 war axe
rCold   . . .        c - +0 buckler
rNeg    . . .        b - +0 scale mail
rPois   .            (no helmet)
rElec   .            (no cloak)
rCorr   .            (no gloves)
SInv    +            (no boots)
Will    .....        (no amulet) Stlth
                     g - +5 ring of evasion
HPRegen 0.49/turn    (no ring)
MPRegen 0.10/turn

%: no passive effects
@: healing quickly
A: alive, fangs 3, see invisible, vampiric 2
a: Exsanguinate


You were on level 6 of the Dungeon.
You visited 1 branch of the dungeon, and saw 6 of its levels.

You collected 45 gold pieces.

Inventory:

Hand Weapons
 a - a +0 war axe (weapon)
Armour
 b - a +0 scale mail (worn)
 c - a +0 buckler (worn)
Jewellery
 g - a +5 ring of evasion (left hand)
Scrolls
 f - 2 scrolls of identify {unknown}


   Skills:
 + Level 4.0 Fighting
 + Level 4.4 Axes
 + Level 3.6 Armour
 + Level 2.4 Dodging
 + Level 0.2 Stealth
 + Level 3.5 Shields


You had 6 spell levels left.
You didn't know any spells.
Your spell library was empty.

Dungeon Overview and Level Annotations

Branches:
Dungeon (7/15)
 Temple: D:4-7

Altars:


Innate Abilities, Weirdness & Mutations

Your natural rate of healing is accelerated.
You have razor-sharp teeth.
You have supernaturally acute eyesight. (SInv)
You are afflicted with vampirism and can become a bat while bloodless.


Message History

You hit the sky beast but do no damage. Your bite misses the sky beast.
The sky beast is almost dead.
The sky beast hits you but does no damage.
You hit the sky beast but do no damage.
The sky beast is almost dead.
The sky beast barely misses you. You block the sky beast's attack.
You slash the sky beast!
You kill the sky beast!
The ice beast hits you.
* * * LOW HITPOINT WARNING * * *
The ice beast freezes you!
* * * LOW HITPOINT WARNING * * *
Your Fighting skill increases to level 4!
You have reached level 7!
Blink to where?
Press: ? - help, Dir - move target
As you read the scroll labelled CIEPLA YDYEL, it crumbles to dust.
It was a scroll of blinking.
Okay, then.
Blink to where?
Press: ? - help, Dir - move target
As you read the scroll of blinking, it crumbles to dust.
There is an open door here.
There is a stone staircase leading up here.
You climb upwards.
An adder comes into view.
There is a stone staircase leading down here.
The adder hisses angrily.
The steam dragon breathes steam at you. The ball of steam hits you!
* * * LOW HITPOINT WARNING * * *
You are engulfed in a cloud of scalding steam.
You are engulfed in a cloud of scalding steam.
* * * LOW HITPOINT WARNING * * *
You are engulfed in a cloud of scalding steam.
* * * LOW HITPOINT WARNING * * *
There is a stone staircase leading up here.
The steam dragon breathes steam at you. The ball of steam hits you!
You die...

. ##..# #...# ##.#.#
#..#.##### #.........
#..§...... #.@§......
#.§§...... #§§§......
###.DS.......#
..###...§..(.....
......#.D........
.#.####...D.......####
.................#...#
#...###...S......#...#


There were no monsters in sight!

Vanquished Creatures
  A sky beast (D:7)
  A black bear (D:4)
  A phantom (D:7)
  2 bullfrogs (D:7)
  A scorpion (D:7)
  A sleepcap (D:4)
  3 adders
  2 dart slugs (D:1)
  4 orcs (D:4)
  2 ball pythons (D:1)
  A bat (D:1)
  2 endoplasms
  2 giant cockroaches (D:4)
  3 goblins
  3 hobgoblins
  2 jackals (D:4)
  6 kobolds
  A quokka (D:1)
  A frilled lizard (D:1)
  2 rats (D:2)
41 creatures vanquished.

Notes
Turn   | Place    | Note
-------+----------+-------------------------------------------
     0 | D:1      | AstroCodex24 the Vampire Fighter began the quest for the
                  | Orb.
     0 | D:1      | Reached XP level 1. HP: 17/17 MP: 1/1
    66 | D:1      | Reached XP level 2. HP: 18/23 MP: 2/2
   216 | D:2      | Reached skill level 1 in Dodging
   297 | D:3      | Gained mutation: You are afflicted with vampirism and can
                  | become a bat while bloodless. [Vampire growth]
   297 | D:3      | Reached XP level 3. HP: 25/29 MP: 3/3
   453 | D:4      | Noticed a black bear
   468 | D:4      | Reached XP level 4. HP: 30/35 MP: 4/4
   470 | D:4      | Killed a black bear
   471 | D:4      | Reached XP level 5. HP: 35/41 MP: 5/5
   548 | D:4      | You fall into a shaft and drop 2 floors!
   602 | D:6      | Noticed a steam dragon
   621 | D:7      | Noticed a phantom
   633 | D:7      | Killed a phantom
   634 | D:7      | Reached XP level 6. HP: 37/48 MP: 6/6
   682 | D:7      | Noticed an ice beast
   682 | D:7      | Noticed a sky beast
   712 | D:7      | Killed a sky beast
   713 | D:7      | Reached XP level 7. HP: 7/54 MP: 7/7
   747 | D:6      | Killed from afar by a steam dragon

Illustrated notes

Levels and vault maps discovered:
D:1:      minmay_arrival_three_doors, layout_rooms, serial_shops, shop
D:2:      layout_basic, basic_altar, minmay_surrounded
D:3:      layout_loops_corners, minmay_gold_behind_fungi
D:4:      layout_basic
D:6:      layout_rooms
D:7:      layout_basic, temple_fountains, uniq_joseph

Skill      XL: |  1  2  3  4  5  6 |
---------------+-------------------+-----
Fighting       | 3 4 |  4.0
Dodging        | 1 2 |  2.4
Axes           | 2 3 4 |  4.4
Shields        | 3 |  3.5
Armour         | 3 |  3.6
Stealth        | |  0.2

Action                     |  1- 3 |  4- 6 |  7- 9 || total
---------------------------+-------+-------+-------++-------
  Melee: War axe           |    83 |    63 |       ||   146
         Bite              |     7 |     5 |       ||    12
    Use: Potion            |       |     4 |       ||     4
         Scroll            |       |       |     2 ||     2
 Armour: Scale mail        |    87 |    44 |     5 ||   136
  Dodge: Dodged            |    74 |    46 |       ||   120
  Block: Buckler           |    27 |    24 |       ||    51

Table legend: (Time is in decaauts)
 A = Elapsed time spent in this place.
 B = Non-inter-level travel time spent in this place.
 C = Inter-level travel time spent in this place.
 D = Time resting spent in this place.
 E = Time spent auto-exploring this place.
 F = Levels seen in this place.
 G = Mean time per level.
                   A        B        C        D        E       F      G
               +--------+--------+--------+--------+--------+-----+--------+
         Total |    806 |    806 |      0 |      0 |      0 |   6 |  134.3 |
       Dungeon |    806 |    806 |      0 |      0 |      0 |   6 |  134.3 |
               +--------+--------+--------+--------+--------+-----+--------+

Top non-repeatable levels by time:
     D:7: 163 daAuts
     D:3: 161 daAuts
     D:1: 154 daAuts
     D:2: 141 daAuts
     D:4: 134 daAuts
     D:6: 52 daAuts
